 Dungeon Crawl Stone Soup version 0.21-a0-125-gb006224 (webtiles) character file.

208392 tilp the Scorcher (level 18, -19/163 HPs)
             Began as a Hill Orc Fire Elementalist on July 11, 2017.
             Was the Champion of Okawaru.
             Demolished by an alligator snapping turtle (28 damage)
             ... on level 4 of the Shoals on July 14, 2017.
             The game lasted 04:16:29 (54070 turns).

tilp the Scorcher (Hill Orc Fire Elementalist)     Turns: 54070, Time: 04:16:30

Health: -19/163    AC: 23    Str: 22    XL:     18   Next: 78%
Magic:  32/36      EV: 19    Int: 32    God:    Okawaru [******]
Gold:   926        SH:  9    Dex: 22    Spells: 0/29 levels left

rFire    + . .     SeeInvis .   S - +7 demon blade of Infection {protect, +Rage rPois Str+3}
rCold    . . .     Gourm    .   s - +3 buckler
rNeg     . . .     Faith    +   y - +0 troll leather armour "Wimum" {Regen+ Int+3}
rPois    +         Spirit   .   Y - +1 hat "Dost" {rCorr Int+5 Dex+6}
rElec    +         Reflect  .   K - scarf "Xemmoej" {rF+ MP+9}
rCorr    +         Harm     .   A - +2 pair of gloves {Dex+3}
MR       +....     Clarity  +   E - +2 pair of boots of the Assassin {Detection Stab+ Stlth++}
Stlth    ++++......             W - amulet "Dytotow" {Faith Dex+2}
HPRegen  0.77/turn              Z - +5 ring of protection
MPRegen  0.25/turn              M - ring of Scepticism {Wiz rElec Str+6 Int+3}

@: protection aura, berserk cooldown, slowed, very slow
A: clarity
}: 1/15 runes: barnacled
a: Heroism, Finesse, Renounce Religion, Evoke Berserk Rage


You were on level 4 of the Shoals.
You worshipped Okawaru.
Okawaru was exalted by your worship.
You were hungry.

You visited 6 branches of the dungeon, and saw 31 of its levels.
You also visited: Bailey.

You collected 2541 gold pieces.
You spent 1615 gold pieces at shops.

Inventory:

Hand Weapons
 G - a +0 demon trident of electrocution
 L - a +2 short sword of holy wrath
 S - the +7 demon blade of Infection (weapon) {protect, +Rage rPois Str+3}
   (Okawaru gifted it to you on level 1 of the Orcish Mines)

   It protects the one who uses it against injury (+AC on strike).
   It affects your strength (+3).
   It protects you from poison.
   It lets you go berserk.
 X - the +6 rapier "Zeukaf Vireth" {pierce, rF+, unknown}
   (You took it off a merfolk on level 4 of the Shoals)

   It inflicts extra damage upon your enemies.
   It protects you from fire.
Missiles
 c - 2 poisoned javelins (quivered)
Armour
 a - the +1 scale mail of Otum {rN+ Int+7}
   (Okawaru gifted it to you on level 1 of the Spider Nest)

   It affects your intelligence (+7).
   It protects you from negative energy.
 s - a +3 buckler (worn)
 y - the +0 troll leather armour "Wimum" (worn) {Regen+ Int+3}
   (Okawaru gifted it to you on level 3 of the Shoals)

   It affects your intelligence (+3).
   It increases your rate of regeneration.
 A - a +2 pair of gloves of dexterity (worn)
 E - the +2 pair of boots of the Assassin (worn) {Detection Stab+ Stlth++}
   (Okawaru gifted it to you on level 15 of the Dungeon)

   It makes you much more stealthy.
 K - the scarf "Xemmoej" (worn) {rF+ MP+9}
   (You acquired it in a bailey)

   It protects you from fire.
   It affects your magic capacity (+9).
 Y - the +1 hat "Dost" (worn) {rCorr Int+5 Dex+6}
   (Okawaru gifted it to you on level 10 of the Dungeon)

   It affects your intelligence (+5).
   It affects your dexterity (+6).
   It protects you from acid and corrosion.
Jewellery
 v - an uncursed amulet of regeneration {unknown}
 M - the ring of Scepticism (right hand) {Wiz rElec Str+6 Int+3}
   (You bought it in a shop on level 2 of the Orcish Mines)

   [ring of wizardry]

   It improves your spell success rate.
   It affects your strength (+6).
   It affects your intelligence (+3).
   It insulates you from electricity.
 W - the amulet "Dytotow" (around neck) {Faith Dex+2}
   (You found it on level 6 of the Lair of Beasts)

   [amulet of faith]

   It allows you to gain divine favour quickly.
   It affects your dexterity (+2).
 Z - a +5 ring of protection (left hand)
Wands
 g - a wand of confusion (24/48)
 m - a wand of clouds (7/9)
 o - a wand of disintegration (14/24)
 q - a wand of digging (9/24)
 r - a wand of scattershot (5/9)
 z - a wand of iceblast (8/15)
 F - a wand of lightning (0/15)
 J - a wand of paralysis (16/24)
Scrolls
 b - a scroll of fear
 d - 12 scrolls of remove curse
 e - 12 scrolls of teleportation
 h - 4 scrolls of magic mapping
 i - a scroll of fog
 k - a scroll of blinking {unknown}
 l - a scroll of silence {unknown}
 n - a scroll of vulnerability {unknown}
 w - a scroll of holy word {unknown}
 C - 2 scrolls of summoning
 P - a scroll of immolation {unknown}
Potions
 f - 5 potions of curing
 j - 3 potions of might
 u - 2 potions of berserk rage
 x - a potion of flight
 B - 4 potions of brilliance
 D - a potion of resistance {unknown}
 I - 2 potions of magic
 N - 2 potions of invisibility
 O - 6 potions of haste
 T - 4 potions of agility
 U - 2 potions of cancellation
 V - 2 potions of ambrosia
Miscellaneous
 H - a phantom mirror
 R - a lamp of fire
Comestibles
 p - 2 meat rations
 t - 14 fruits
 Q - a bread ration


   Skills:
 + Level 15.0 Fighting
 - Level 5.3(10.1) Short Blades
 - Level 14.0(14.4) Long Blades
 - Level 8.3 Dodging
 - Level 1.5 Stealth
 - Level 5.1 Shields
 - Level 6.0 Spellcasting
 + Level 15.5 Conjurations
 + Level 16.9 Fire Magic
 - Level 7.3 Invocations
 - Level 8.6 Evocations


You couldn't memorise any spells.
You knew the following spells:

 Your Spells              Type           Power        Failure   Level  Hunger
a - Flame Tongue          Conj/Fire      #####        0%          1    None
b - Throw Flame           Conj/Fire      ######       0%          2    None
c - Conjure Flame         Conj/Fire      #######.     0%          3    None
d - Sticky Flame          Conj/Fire      #######.     1%          4    ##.....
e - Fireball              Conj/Fire      #######...   1%          5    #####..
f - Shock                 Conj/Air       ####         1%          1    None
g - Ignition              Fire           #######...   13%         8    #######
h - Lightning Bolt        Conj/Air       ######....   2%          5    #####..


Dungeon Overview and Level Annotations

Branches:
Dungeon (15/15)            Temple (1/1) D:6            Lair (6/6) D:10
 Shoals (4/4) Lair:2       Spider (3/4) Lair:3        Slime (0/5) Lair:5
    Orc (2/2) D:10            Elf (0/3) Orc:2        Vaults (0/5) D:14
 Depths (0/5) D:15

Altars:
Ashenzari
Cheibriados
Dithmenos
Elyvilon
Fedhas
Gozag
Hepliaklqana
Kikubaaqudgha
Makhleb
Nemelex Xobeh
Okawaru
Qazlal
Ru
Sif Muna
Trog
Uskayaw
Vehumet
Wu Jian
Xom
Yredelemnul
Zin
The Shining One
Jiyva

Shops:
D:14 *:   Orc:2 %:%=?   Shoals:2 !

Annotations:
Lair:2 exclusion: oklob plant
Shoals:2 vault - need flight - frost giant
Spider:2 Asterion
Spider:3 Nikola


Innate Abilities, Weirdness & Mutations

You possess an exceptional clarity of mind.


Message History

You feel a strong urge to attack something.
The merfolk siren closely misses you.
You completely miss the merfolk siren. You completely miss the merfolk siren.
The merfolk siren misses you.
You slice the merfolk siren!!
The merfolk siren is heavily wounded.
You slice the merfolk siren!!
The merfolk siren is almost dead.
The merfolk siren hits you with a trident!
* * * LOW HITPOINT WARNING * * *
You barely miss the merfolk siren.
The merfolk siren is almost dead.
You are no longer berserk.
You are exhausted.
You feel as though you will be slow longer.
The merfolk siren hits you from afar with a trident!
* * * LOW HITPOINT WARNING * * *
The merfolk siren misses you.
The alligator snapping turtle bites you from afar!!
You die...

,*≈*,###...([...#...≈#≈#..#......
######...((.[(..#..≈#≈≈≈..#).....
##≈.##.....(....#..#≈≈≈...#......
.......([.<.)...##≈≈#≈..#..(..<..
.........([[.....##≈...#.#.......
.........[[.......##....#........
.........((........####..........
........(....................(...
................@................
..................m...#≈##≈##....
..#...≈#≈.....)(tm≈≈..#######)≈≈.
..#######.....)()≈≈≈###.#*#,###≈≈
###.##≈..##....)()((≈#.,.≈.,,*#≈≈
≈#...≈...##.......≈(###.*.#≈≈*#≈≈
≈##.#.#..#≈.....≈(≈(.#*≈.,.≈,*#≈≈
##≈≈...≈##≈≈.....≈≈(≈##.#.#≈#*#≈≈
.#≈.#.#.##≈≈≈≈≈.....##...≈≈≈≈##≈≈


You could see an alligator snapping turtle, a merfolk siren and a water nymph.

Vanquished Creatures
  Arachne (Spider:2)
  A sphinx (shapeshifter) (D:15)
  Kirke (Spider:1)
  Ilsuiw (Shoals:4)
  2 ghost moths
  An entropy weaver (Spider:2)
  A stone giant (Shoals:1)
  Snorg (D:13)
  10 merfolk impalers
  4 merfolk javelineers
  A fire dragon (D:15)
  4 vault guards (D:14)
  A rakshasa (D:15)
  9 hydras
  3 merfolk avatars
  4 satyrs
  An anaconda (D:14)
  21 two-headed ogres
  2 alligator snapping turtles (Shoals:3)
  7 ogre magi
  A two-headed ogre (shapeshifter) (D:13)
  2 merfolk aquamancers (Shoals:4)
  9 death yaks
  5 centaur warriors
  2 tengu warriors
  Urug (D:13)
  The ghost of Duffy the Cleaver, a novice HuGl of Uskayaw (D:7)
  An orc high priest (Orc:1)
  A deep elf knight (D:14)
  Sonja (Lair:3)
  11 sea snakes
  A kraken simulacrum (Shoals:4)
  2 unseen horrors
  A lindwurm (Lair:4)
  20 harpies
  A necromancer (D:9)
  A wolf spider zombie (D:15)
  4 orc knights
  6 orb spiders
  14 ugly things
  2 deep elf magi (D:13)
  4 orc sorcerers
  8 cyclopes
  21 fauns
  A cyclops (shapeshifter) (D:15)
  9 wolf spiders
  12 manticores
  A salamander (shapeshifter) (D:13)
  5 centaur zombies
  Maurice (D:8)
  7 elephants
  4 black mambas
  2 ice statues (Shoals:4)
  A naga mage (D:14)
  10 merfolk sirens
  29 spiny frogs
  5 water nymphs
  A torpor snail (Spider:1)
  5 gargoyles
  A rime drake (Lair:6)
  7 kobold demonologists
  5 komodo dragons
  2 yaktaurs
  2 tengu conjurers
  4 demonic crawlers
  9 trolls
  5 wind drakes (Shoals:3)
  A polar bear (Lair:6)
  12 jumping spiders
  35 merfolk
  3 hornets
  3 tyrant leeches (Lair:6)
  10 slime creatures
  11 snapping turtles
  10 blink frogs (Lair:6)
  3 dream sheep (Shoals:4)
  14 hippogriffs
  A spriggan (shapeshifter) (D:15)
  27 redbacks
  A shadow (D:14)
  3 water elementals
  2 vampires
  10 tarantellas
  3 wyverns (Lair:6)
  47 yaks
  A wyvern (shapeshifter) (D:13)
  2 fire elementals (Spider:1)
  3 wraiths
  4 basilisks
  A fire bat (shapeshifter) (D:15)
  A hog (Spider:1)
  2 hungry ghosts
  10 vampire mosquitoes
  Menkaure (D:6)
  A naga (D:14)
  A steam dragon (D:12)
  2 wargs
  A soldier ant (D:10)
  2 hell hounds (Spider:1)
  12 water moccasins
  4 porcupines
  2 black bears
  4 sky beasts
  38 orc warriors
  3 ice beasts
  A swamp drake (D:10)
  6 wolves (Lair:6)
  3 phantoms
  43 ogres
  A boggart (D:13)
  21 centaurs
  9 crocodiles
  27 bullfrogs
  2 big kobolds
  2 wyvern zombies
  2 gnoll sergeants
  A water moccasin skeleton (D:5)
  7 scorpions
  3 killer bees (D:12)
  9 wights
  5 howler monkeys
  9 electric eels
  6 crimson imps
  A bullfrog zombie (D:6)
  6 jellies
  19 orc priests
  6 centaur skeletons
  8 hounds
  23 orc wizards
  A quasit (D:14)
  2 bullfrog skeletons
  7 iguanas
  Jessica (D:2)
  Crazy Yiuf (D:3)
  14 worker ants
  A yak simulacrum (D:9)
  A polar bear simulacrum (D:9)
  6 wolf simulacra (D:9)
  A hound zombie (D:6)
  A hound skeleton (D:4)
  5 worker ant zombies
  A howler monkey skeleton (D:11)
  25 gnolls
  16 adders
  7 shadow imps
  2 oozes (Lair:5)
  An adder skeleton (D:6)
  3 worms
  2 dart slugs (D:1)
  3 leopard geckos
  114 orcs
  2 ball pythons
  7 bats
  8 giant cockroaches
  16 goblins
  11 hobgoblins
  9 jackals
  16 kobolds
  5 quokkas
  3 frilled lizards
  A quokka skeleton (D:10)
  6 rats
  3 river rat simulacra (D:9)
  A fungus (Lair:2)
  4 plants
1142 creatures vanquished.

Vanquished Creatures (others)
  Azrael (Spider:1)
  A wolf spider (Spider:1)
  An orb spider (Spider:2)
  5 humans (Spider:1)
  A hippogriff (D:11)
  An acid dragon (D:11)
  A hobgoblin (D:4)
  2 bushes
  10 fungi
  43 plants
  4 tentacles (Shoals:4)
70 creatures vanquished.

Grand Total: 1212 creatures vanquished

Notes
Turn   | Place    | Note
-------+----------+-------------------------------------------
     0 | D:1      | tilp the Hill Orc Fire Elementalist began the quest for the Orb.
     0 | D:1      | Reached XP level 1. HP: 14/14 MP: 3/3
   127 | D:1      | Reached XP level 2. HP: 20/20 MP: 1/5
   657 | D:1      | Reached XP level 3. HP: 26/26 MP: 1/6
   932 | D:1      | Learned a level 2 spell: Throw Flame
   978 | D:2      | Noticed Jessica
   985 | D:2      | Killed Jessica
   985 | D:2      | Reached XP level 4. HP: 33/33 MP: 4/8
  1301 | D:2      | Learned a level 3 spell: Conjure Flame
  1526 | D:2      | Found an ornate altar of the Wu Jian Council.
  1526 | D:2      | Found an iron altar of Okawaru.
  1536 | D:2      | Became a worshipper of Warmaster Okawaru
  1854 | D:2      | Found a shimmering altar of Xom.
  2008 | D:2      | Found a snail-covered altar of Cheibriados.
  2008 | D:2      | Found a sacrificial altar of Ru.
  2098 | D:3      | Reached XP level 5. HP: 32/38 MP: 0/9
  2724 | D:3      | Reached skill level 4 in Fire Magic
  2831 | D:3      | Found a runed door.
  3004 | D:3      | Found a faded altar of an unknown god.
  3567 | D:4      | Reached XP level 6. HP: 34/45 MP: 3/10
  3582 | D:4      | Learned a level 4 spell: Sticky Flame
  3941 | D:4      | Found a stormy altar of Qazlal.
  4211 | D:4      | Reached skill level 5 in Conjurations
  4418 | D:5      | Entered Level 5 of the Dungeon
  4681 | D:5      | Reached * piety under Okawaru
  4681 | D:5      | Reached skill level 5 in Fire Magic
  4681 | D:5      | Reached XP level 7. HP: 50/50 MP: 0/11
  4988 | D:5      | Found a white marble altar of Elyvilon.
  5405 | D:6      | Found a staircase to the Ecumenical Temple.
  5405 | D:6      | Noticed Menkaure
  5408 | D:6      | Killed Menkaure
  5408 | D:6      | Reached skill level 6 in Fire Magic
  5817 | D:6      | Reached skill level 7 in Fire Magic
  5892 | D:6      | Reached XP level 8. HP: 57/57 MP: 0/12
  6190 | D:6      | Reached ** piety under Okawaru
  6585 | D:7      | Noticed Duffy's ghost (novice HuGl)
  7590 | Temple   | Entered the Ecumenical Temple
  8146 | D:6      | Reached *** piety under Okawaru
  8146 | D:6      | Reached XP level 9. HP: 58/62 MP: 13/13
  8768 | D:7      | Reached skill level 8 in Fire Magic
  9192 | D:6      | Reached skill level 9 in Fire Magic
 10020 | D:8      | Noticed Maurice
 10029 | D:8      | Killed Maurice
 10029 | D:8      | Reached **** piety under Okawaru
 10029 | D:8      | Reached skill level 1 in Fighting
 10029 | D:8      | Reached skill level 1 in Evocations
 10647 | D:8      | Found a glowing golden altar of the Shining One.
 10686 | D:9      | Received a gift from Okawaru
 10743 | D:9      | Noticed a two-headed ogre
 10771 | D:9      | Killed a two-headed ogre
 10771 | D:9      | Reached ***** piety under Okawaru
 10771 | D:9      | Reached XP level 10. HP: 28/77 MP: 0/14
 11089 | D:9      | Noticed a two-headed ogre
 11713 | D:9      | Noticed a necromancer
 11839 | D:9      | Killed a necromancer
 11839 | D:9      | Reached skill level 5 in Invocations
 12455 | D:10     | Entered Level 10 of the Dungeon
 12455 | D:10     | Noticed a two-headed ogre
 12482 | D:9      | Noticed a two-headed ogre
 12490 | D:9      | Killed a two-headed ogre
 12490 | D:9      | Received a gift from Okawaru
 12594 | D:9      | Killed a two-headed ogre
 12594 | D:9      | Reached skill level 5 in Fighting
 12871 | D:10     | Noticed a death yak
 12909 | D:10     | Noticed a death yak
 12929 | D:10     | Killed a death yak
 12929 | D:10     | Reached skill level 5 in Evocations
 12929 | D:10     | Reached XP level 11. HP: 65/89 MP: 3/16
 13092 | D:10     | Killed a two-headed ogre
 13127 | D:10     | Reached skill level 5 in Dodging
 13235 | D:10     | Found a staircase to the Orcish Mines.
 13274 | D:10     | Upgraded the game from 0.21-a0-111-g52d2817 to 0.21-a0-113-g6841d05
 13432 | D:10     | Noticed a death yak
 13437 | D:10     | Noticed a death yak
 13439 | D:10     | Noticed a death yak
 13445 | D:10     | Killed a death yak
 13824 | D:10     | Found a staircase to the Lair.
 13902 | D:10     | Killed a death yak
 13902 | D:10     | Received a gift from Okawaru
 13903 | D:10     | Got a distressingly furry hat {god gift}
 13909 | D:10     | Identified the +1 hat "Dost" {rCorr Int+5 Dex+6} (Okawaru gifted it to you on level 10 of the Dungeon)
 14142 | D:10     | Killed a death yak
 14248 | D:10     | Killed a death yak
 14248 | D:10     | Reached skill level 10 in Fire Magic
 15391 | D:11     | Learned a level 5 spell: Fireball
 15463 | D:11     | Found a sparkling altar of Nemelex Xobeh.
 15854 | D:11     | Noticed a brown ugly thing
 15868 | D:11     | Killed a brown ugly thing
 15868 | D:11     | Reached XP level 12. HP: 60/103 MP: 11/17
 16916 | D:12     | Noticed a two-headed ogre
 17142 | D:12     | Reached skill level 11 in Fire Magic
 17389 | D:12     | Killed a two-headed ogre
 17773 | D:11     | Received a gift from Okawaru
 17998 | D:12     | Reached skill level 10 in Fighting
 19089 | D:12     | Noticed a two-headed ogre
 19139 | D:12     | Reached skill level 1 in Short Blades
 19144 | D:12     | Reached skill level 1 in Shields
 19343 | D:12     | Killed a two-headed ogre
 19515 | D:12     | Reached XP level 13. HP: 77/114 MP: 9/18
 20304 | D:13     | Noticed Urug
 20408 | D:13     | Killed Urug
 20812 | D:13     | Reached skill level 10 in Conjurations
 21356 | D:3      | Noticed Crazy Yiuf
 21362 | D:3      | Killed Crazy Yiuf
 21782 | Orc:1    | Entered Level 1 of the Orcish Mines
 21894 | Orc:1    | Received a gift from Okawaru
 21976 | Orc:1    | Found a flagged portal.
 22078 | Bailey   | Entered a bailey
 22125 | Bailey   | Found an iron altar of Okawaru.
 22169 | Bailey   | Received a gift from Okawaru
 22421 | Bailey   | Got a translucent hunting sling {god gift}
 22929 | Bailey   | Got a jewelled scarf
 22940 | Bailey   | Identified the scarf "Xemmoej" {rF+ MP+9} (You acquired it in a bailey)
 22942 | Bailey   | Identified the +1 hunting sling of Numitag {flame, *Corrode Str+3 Int+6} (Okawaru gifted it to you in a bailey)
 23325 | Orc:2    | Entered Level 2 of the Orcish Mines
 23333 | Orc:2    | Paralysed by an orc sorcerer for 7 turns
 23578 | Orc:2    | Paralysed by an orc sorcerer for 3 turns
 24411 | Orc:2    | Noticed an ogre mage
 24711 | Orc:1    | Received a gift from Okawaru
 25159 | Orc:2    | Killed an ogre mage
 25508 | Orc:2    | Reached XP level 14. HP: 125/125 MP: 21/21
 25537 | Orc:2    | Reached ****** piety under Okawaru
 25537 | Orc:2    | Reached skill level 5 in Shields
 25543 | Orc:2    | Paralysed by an ogre mage for 2 turns
 25633 | Orc:2    | Paralysed by an ogre mage for 4 turns
 25921 | Orc:2    | Reached skill level 5 in Spellcasting
 26139 | Orc:2    | Reached skill level 5 in Short Blades
 26288 | Orc:2    | Found Uteatrym's Book Shoppe.
 26288 | Orc:2    | Found Siceqofep's Jewellery Boutique.
 26323 | Orc:2    | Found Plog's Food Shop.
 26323 | Orc:2    | Found Nung's Food Shoppe.
 26334 | Orc:2    | Bought the ring of Scepticism {Wiz rElec Str+6 Int+3} for 1006 gold pieces
 26340 | Orc:2    | Found Elicew's Magic Scroll Emporium.
 26808 | Orc:2    | Reached skill level 12 in Fire Magic
 26941 | Orc:1    | Received a gift from Okawaru
 26944 | Orc:1    | Got an ivory demon blade {god gift}
 26945 | Orc:1    | Identified the +7 demon blade of Infection {protect, +Rage rPois Str+3} (Okawaru gifted it to you on level 1 of the Orcish Mines)
 27244 | Orc:2    | Bought a scroll of identify for 34 gold pieces
 27244 | Orc:2    | Bought a scroll of identify for 34 gold pieces
 27244 | Orc:2    | Bought a scroll of teleportation for 51 gold pieces
 27244 | Orc:2    | Bought a scroll of identify for 34 gold pieces
 27244 | Orc:2    | Bought a scroll of identify for 34 gold pieces
 27361 | Orc:2    | Found a staircase to the Elven Halls.
 27441 | Orc:2    | Reached skill level 1 in Long Blades
 27655 | Orc:2    | Bought a scroll of teleportation for 51 gold pieces
 27655 | Orc:2    | Bought a scroll of remove curse for 51 gold pieces
 27821 | Lair:1   | Entered Level 1 of the Lair of Beasts
 28829 | Lair:1   | Learned a level 1 spell: Shock
 28999 | Lair:2   | Found a blossoming altar of Fedhas.
 29584 | Lair:2   | Found a staircase to the Shoals.
 29789 | Lair:3   | Received a gift from Okawaru
 30060 | Lair:3   | Found a hole to the Spider Nest.
 30149 | Lair:3   | Noticed Sonja
 30156 | Lair:3   | Killed Sonja
 31093 | Lair:4   | Reached skill level 5 in Long Blades
 32188 | Lair:5   | Found a runed door.
 32193 | Lair:5   | Found a viscous altar of Jiyva.
 32195 | Lair:5   | Found a staircase to the Slime Pits.
 32272 | Lair:5   | Reached XP level 15. HP: 132/132 MP: 24/24
 33077 | Lair:6   | Entered Level 6 of the Lair of Beasts
 33373 | Lair:6   | Received a gift from Okawaru
 34627 | Lair:6   | Reached skill level 13 in Fire Magic
 35166 | Lair:6   | Received a gift from Okawaru
 35662 | Lair:6   | Got a scorched chain mail
 35685 | Lair:6   | Got an ancient golden amulet
 35703 | Lair:6   | Identified the cursed +0 chain mail "Radiof" {Regen+ Str+3} (You found it on level 6 of the Lair of Beasts)
 35704 | Lair:6   | Identified the amulet "Dytotow" {Faith Dex+2} (You found it on level 6 of the Lair of Beasts)
 36291 | Lair:3   | Reached skill level 10 in Long Blades
 36308 | Spider:1 | Entered Level 1 of the Spider Nest
 36382 | Spider:1 | Noticed a ghost moth
 36388 | Spider:1 | Killed a ghost moth
 36611 | Spider:1 | Noticed Azrael
 36641 | Spider:1 | Noticed Kirke
 36663 | Spider:1 | Killed Kirke
 36665 | Spider:1 | Killed Azrael
 36776 | Spider:1 | Reached XP level 16. HP: 113/139 MP: 25/25
 37471 | Spider:2 | Noticed Asterion
 37478 | Spider:1 | Received a gift from Okawaru
 37481 | Spider:1 | Got a transparent scale mail {god gift}
 37494 | Spider:1 | Identified the +1 scale mail of Otum {rN+ Int+7} (Okawaru gifted it to you on level 1 of the Spider Nest)
 37828 | Spider:2 | Got a pitted ring mail
 37845 | Spider:2 | Noticed Arachne
 37886 | Spider:2 | Killed Arachne
 38552 | Spider:2 | Reached skill level 14 in Fire Magic
 39661 | Spider:3 | Noticed Nikola
 40028 | D:7      | Killed Duffy's ghost
 40415 | D:13     | Found a shadowy altar of Dithmenos.
 40601 | D:13     | Noticed Snorg
 40611 | D:13     | Killed Snorg
 40611 | D:13     | Received a gift from Okawaru
 41726 | D:14     | Found a shattered altar of Ashenzari.
 41875 | D:14     | Found Muegg's Book Shoppe.
 42285 | D:14     | Gained mutation: Armour fits poorly on your strangely shaped body. [mutagenic meat]
 42286 | D:14     | Gained mutation: Your spells are a little harder to cast, but a little more powerful. [mutagenic meat]
 42287 | D:14     | Lost mutation: Your spells are a little harder to cast, but a little more powerful. [mutagenic meat]
 42288 | D:14     | Gained mutation: Your muscles are strong. (Str +2) [mutagenic meat]
 42289 | D:14     | Gained mutation: You have a pair of small horns on your head. [mutagenic meat]
 42290 | D:14     | Gained mutation: Your body sometimes deteriorates upon taking damage. [mutagenic meat]
 42291 | D:14     | Lost mutation: Your muscles are strong. (Str +2) [potion of mutation]
 42291 | D:14     | Lost mutation: You have a pair of small horns on your head. [potion of mutation]
 42291 | D:14     | Lost mutation: Armour fits poorly on your strangely shaped body. [potion of mutation]
 42291 | D:14     | Gained mutation: You are clumsy. (Dex -2) [potion of mutation]
 42291 | D:14     | Gained mutation: You are partially covered in slimy green scales. (AC +2) [potion of mutation]
 42291 | D:14     | Gained mutation: You are resistant to hostile enchantments. (MR+) [potion of mutation]
 42291 | D:14     | Gained mutation: You have sharp toenails. [potion of mutation]
 42292 | D:14     | Lost mutation: You are partially covered in slimy green scales. (AC +2) [potion of mutation]
 42292 | D:14     | Lost mutation: You are resistant to hostile enchantments. (MR+) [potion of mutation]
 42292 | D:14     | Lost mutation: You have sharp toenails. [potion of mutation]
 42292 | D:14     | Lost mutation: You are clumsy. (Dex -2) [potion of mutation]
 42292 | D:14     | Lost mutation: Your body sometimes deteriorates upon taking damage. [potion of mutation]
 42292 | D:14     | Gained mutation: You possess an exceptional clarity of mind. [potion of mutation]
 42292 | D:14     | Gained mutation: You are dopey. (Int -2) [potion of mutation]
 42292 | D:14     | Lost mutation: You are dopey. (Int -2) [potion of mutation]
 42314 | D:14     | Identified the Handbook of Darkness
 42572 | D:14     | Found Kiphil's Serpentskin Sales.
 43018 | D:14     | Reached XP level 17. HP: 79/146 MP: 18/26
 43611 | D:14     | Upgraded the game from 0.21-a0-113-g6841d05 to 0.21-a0-122-g43b3ea6
 43766 | D:14     | Found a gate to the Vaults.
 43873 | D:15     | Entered Level 15 of the Dungeon
 44211 | D:15     | Reached skill level 15 in Fire Magic
 45136 | D:15     | Found a staircase to the Depths.
 45141 | D:15     | Noticed a sphinx
 45141 | D:15     | a fire giant changed into a sphinx
 45149 | D:15     | Killed a sphinx
 45338 | D:15     | Received a gift from Okawaru
 45666 | Lair:1   | Identified the +2 ring mail of the Spheres {rF+ Dex+3 Stlth+} (You found it on level 2 of the Spider Nest)
 45744 | Shoals:1 | Entered Level 1 of the Shoals
 47945 | Shoals:1 | Upgraded the game from 0.21-a0-122-g43b3ea6 to 0.21-a0-125-gb006224
 48069 | Shoals:2 | Received a gift from Okawaru
 49546 | Shoals:2 | Found Vehiaguh's Distillery.
 49573 | Shoals:2 | Reached XP level 18. HP: 126/158 MP: 27/27
 49586 | Shoals:2 | Bought a potion of heal wounds for 100 gold pieces
 49586 | Shoals:2 | Bought a potion of heal wounds for 100 gold pieces
 49586 | Shoals:2 | Bought 2 potions of curing for 120 gold pieces
 49984 | Shoals:2 | Reached skill level 16 in Fire Magic
 50331 | Shoals:3 | Received a gift from Okawaru
 50350 | Shoals:3 | Got a spiked troll leather armour {god gift}
 50368 | Shoals:3 | Identified the +0 troll leather armour "Wimum" {Regen+ Int+3} (Okawaru gifted it to you on level 3 of the Shoals)
 51185 | Shoals:4 | Entered Level 4 of the Shoals
 51538 | Shoals:4 | Reached skill level 15 in Conjurations
 52013 | Shoals:4 | Noticed Ilsuiw
 52509 | Lair:1   | Learned a level 8 spell: Ignition
 52515 | Lair:1   | Learned a level 5 spell: Lightning Bolt
 52704 | Shoals:4 | Killed Ilsuiw
 52710 | Shoals:4 | Received a gift from Okawaru
 52720 | Shoals:3 | HP: 2/161 [merfolk impaler/demon trident of electrocution (26)]
 53769 | Shoals:4 | Got a jewelled rapier {pierce}
 53859 | Shoals:4 | Got a barnacled rune of Zot
 54054 | Shoals:4 | Reached skill level 15 in Fighting
 54057 | Shoals:4 | Received a gift from Okawaru
 54069 | Shoals:4 | HP: 8/163 [merfolk siren/trident (9)]
 54070 | Shoals:4 | Demolished by an alligator snapping turtle

Vault maps used:
D:1:      minmay_arrival_four_loops, minivault_24
D:2:      grunt_temple_overflow_open, lemuel_coloured_pillars_altar,
          gammafunk_temple_overflow_elements, uniq_jessica
D:3:      chequers_ecumenical_altar_lobes, uniq_crazy_yiuf_cottage
D:4:      nicolae_qazlal_eye_of_the_storm
D:5:      elyvilon_altar_4, first_bread
D:6:      temple_green, uniq_menkaure
D:8:      blue_anna_alchemist, nicolae_tso_swordbearing_angel, uniq_maurice
D:9:      eino_house_with_fridge
D:10:     dpeg_lair_monsters, erik_orc_1
D:11:     palyth_stone_intersect, nemelex_altar_shiori
D:12:     st_stairs_12
D:13:     minmay_tri_box, minmay_misc_feat_roman,
          nicolae_dithmenos_the_darkroom, uniq_urug, uniq_snorg
D:14:     grunt_vaults_entry_fortified, ashenzari_altar_1, serial_shops,
          nicolae_shop_stone, guppyfry_shop_venom
D:15:     gammafunk_enter_depths_forms
Temple:   lightli_temple_of_artemis
Lair:1:   wad_woods_river_02
Lair:2:   minmay_shoals_entry_hut, lemuel_oklob_altar, infiniplex_staircase_pool
Lair:3:   nicolae_spider_entry_tight_spaces, uniq_sonja
Lair:5:   slime_altar_2
Lair:6:   minmay_lair_end_frog_pond, fungi_pond_lemuel
Shoals:1: hangedman_shoals_cup_caves
Shoals:2: argonaut_golden_fleece, serial_shops, shop, st_sunken_temple
Shoals:4: shoals_end_grunt_ice, shoals_ilsuiw_alternative,
          portal_ice_cave_entry_ice_statue_two, nicolae_shoals_square_sea_wall
Spider:1: uniq_azrael, uniq_kirke
Spider:2: uniq_arachne, uniq_asterion
Spider:3: uniq_jorgrun, uniq_nikola, uniq_mara
Orc:1:    enter_bailey_3
Orc:2:    st_orc_ogre_mass, serial_shops, nicolae_shop_waterfront,
          statue_in_the_mist_lemuel
Bailey:   bailey_axe_of_yendor_kennysheep, bailey

Skill      XL: |  1  2  3  4  5  6  7  8  9 10 11 12 13 14 15 16 17 18 |
---------------+-------------------------------------------------------+-----
Spellcasting   | 2 3 4 6 |  6.0
Conjurations   | 3 5 8 9 10 11 12 13 14 15 | 15.5
Fire Magic     | 4 5 7 9 10 11 12 13 14 15 16 | 16.9
Fighting       | 3 6 8 10 11 12 13 15 | 15.0
Dodging        | 3 4 6 7 8 |  8.3
Invocations    | 4 7 |  7.3
Evocations     | 2 5 7 8 |  8.6
Short Blades   | 1 4 5 |  5.3
Shields        | 2 4 5 |  5.1
Long Blades    | 6 10 13 14 | 14.0
Stealth        | |  1.5

Action                   |  1- 3 |  4- 6 |  7- 9 | 10-12 | 13-15 | 16-18 || total
-------------------------+-------+-------+-------+-------+-------+-------++-------
Melee: Club              |    12 |       |       |       |       |       ||    12
       Dagger            |       |   117 |   255 |   525 |   570 |       ||  1467
       Flail             |       |    40 |     2 |       |       |       ||    42
       Demon blade       |       |       |       |       |   646 |  1331 ||  1977
Throw: Tomahawk          |    29 |    17 |       |       |       |       ||    46
       Javelin           |       |       |       |     2 |    21 |    16 ||    39
 Cast: Flame Tongue      |    31 |   108 |   165 |   223 |   291 |   367 ||  1185
       Throw Flame       |       |     8 |    11 |    29 |    54 |    51 ||   153
       Conjure Flame     |       |     2 |     6 |    14 |    13 |    11 ||    46
       Sticky Flame      |       |       |    10 |    65 |   136 |   108 ||   319
       Fireball          |       |       |       |     1 |    24 |    37 ||    62
       Shock             |       |       |       |       |     2 |       ||     2
       Ignition          |       |       |       |       |       |     3 ||     3
Invok: Heroism           |       |       |     1 |     7 |     7 |    10 ||    25
       Finesse           |       |       |       |     2 |     6 |     3 ||    11
Evoke: Wand              |       |     1 |     2 |     2 |     9 |     2 ||    16
  Use: Potion            |       |     1 |     1 |     4 |       |    14 ||    20
       Scroll            |       |    10 |     2 |     5 |    18 |    14 ||    49
 Stab: Sleeping          |       |     1 |     1 |     1 |     4 |     2 ||     9
       Distracted        |       |       |       |       |     1 |       ||     1
       Invisible         |       |       |       |       |       |     1 ||     1
  Eat: Chunk             |     1 |    12 |    12 |    13 |    35 |    44 ||   117
       Royal jelly       |       |       |     2 |     2 |     2 |     4 ||    10
       Bread ration      |       |       |     2 |     4 |     3 |     2 ||    11
       Meat ration       |       |       |       |     1 |     5 |       ||     6
       Fruit             |       |       |       |       |     7 |    16 ||    23
Armor: Leather armour    |     7 |    45 |    63 |    52 |   110 |       ||   277
       Skin              |       |       |     7 |    14 |       |       ||    21
       Steam dragon scal |       |       |       |    27 |    26 |       ||    53
       Chain mail        |       |       |       |       |    65 |    29 ||    94
       Ring mail         |       |       |       |       |    65 |       ||    65
       Scale mail        |       |       |       |       |       |   361 ||   361
       Troll leather arm |       |       |       |       |       |   139 ||   139
Dodge: Dodged            |    19 |    94 |   113 |   336 |   930 |   994 ||  2486
Block: Buckler           |       |    24 |    58 |   124 |   503 |   695 ||  1404
       Rpst.: Demon blade |       |       |       |       |   125 |   166 ||   291
